 Dungeon Crawl Stone Soup version 0.29.1-15-g9cfb28693d (webtiles) character file.

Game seed: 1352215690635272522

1538 DildoBatman the Magician (level 9, -3/65 HPs)
             Began as a Formicid Conjurer on Mar 4, 2023.
             Was a Follower of Kikubaaqudgha.
             Killed from afar by an orc wizard (8 damage)
             ... with a puff of flame
             ... on level 7 of the Dungeon.
             The game lasted 00:14:25 (5901 turns).

DildoBatman the Magician (Formicid Conjurer)        Turns: 5901, Time: 00:14:25

Health: -3/65      AC:  3    Str: 18    XL:     9   Next: 11%
Magic:  12/19      EV: 12    Int: 22    God:    Kikubaaqudgha [*.....]
Gold:   414        SH:  0    Dex: 12    Spells: 14/22 levels left

rFire   . . .      SeeInvis +   a - +2 sling (flame)
rCold   . . .      Faith    +   (no shield)
rNeg    . . .      Spirit   .   l - +0 robe
rPois   .          Reflect  .   (helmet unavailable)
rElec   .          Harm     .   (no cloak)
rCorr   +          Rampage  .   v - +0 pair of gloves
Will    .....                   (no boots)
Stlth   ++........              y - amulet of faith
HPRegen 0.20/turn               m - +6 ring of strength
MPRegen 0.16/turn               x - ring of resist corrosion

@: no status effects
A: permanent stasis, dig shafts and tunnels, antennae 3, four strong arms
a: Dig, Shaft Self, Renounce Religion, Unearth Wretches


You were on level 7 of the Dungeon.
You worshipped Kikubaaqudgha.
Kikubaaqudgha was aware of your devotion.
You visited 2 branches of the dungeon, and saw 8 of its levels.

You collected 414 gold pieces.

Inventory:

Hand Weapons
 a - a +2 sling of flaming (weapon)
 b - the +7 flail "Locw" {freeze, rPois rC++ Str-2}
   (You found it on level 5 of the Dungeon)

   It freezes those it strikes, dealing additional cold damage.
   It can also slow down cold-blooded creatures.
   Str:       It affects your strength (-2).
   rC:        It greatly protects you from cold.
   rPois:     It protects you from poison.
Missiles
 c - 2 throwing nets
 e - 15 poisoned darts
Armour
 l - a +0 robe (worn)
 v - a +0 pair of gloves (worn)
Jewellery
 m - a +6 ring of strength (left hand)
 x - a ring of resist corrosion (right hand)
 y - an amulet of faith (around neck)
Scrolls
 g - 2 scrolls of enchant weapon {unknown}
 h - 2 scrolls of fog {unknown}
 k - 3 scrolls of poison
 n - 2 scrolls of teleportation {unknown}
 o - 3 scrolls of enchant armour
 p - 2 scrolls of fear {unknown}
 q - a scroll of amnesia {unknown}
 s - a scroll of noise {unknown}
 z - 5 scrolls of identify
Potions
 d - a potion of magic
 f - 4 potions of heal wounds {unknown}
 i - 2 potions of attraction {unknown}
 j - 4 potions of curing {unknown}
 r - a potion of lignification {unknown}
 t - a potion of berserk rage {unknown}
 u - a potion of might {unknown}
 w - 2 potions of flight {unknown}


   Skills:
 * Level 4.0 Fighting
 * Level 4.0 Armour
 - Level 3.0 Dodging
 - Level 2.4 Stealth
 - Level 7.0 Spellcasting
 - Level 6.0 Conjurations
 * Level 2.2 Necromancy


You had 14 spell levels left.
You knew the following spells:

 Your Spells              Type           Power      Damage    Failure   Level
a - Searing Ray           Conj           68%        2d6       1%          2
c - Magic Dart            Conj           100%       1d8       1%          1
d - Vampiric Draining     Necr           17%        2d7       10%         3
z - Sublimation of Blood  Necr           17%        N/A       4%          2

Your spell library contained the following spells:

 Spells                   Type           Power      Damage    Failure   Level
 Necrotise                Necr           68%        1d7       3%          1
 Dazzling Flash           Conj/Hex       40%        N/A       7%          3
 Freeze                   Ice            28%        1d5       9%          1
 Slow                     Hex            28%        N/A       9%          1
 Ensorcelled Hibernation  Hex/Ice        14%        N/A       12%         2
 Passwall                 Tmut/Erth      5%         N/A       12%         2
 Confusing Touch          Hex            7%         N/A       24%         3
 Fulminant Prism          Conj/Hex       10%        3d9       24%         4
 Hailstorm                Conj/Ice       20%        3d6       24%         4
 Iskenderun's Mystic Bla  Conj/Tloc      20%        2d6       24%         4
 Animate Dead             Necr           17%        N/A       32%         4
 Anguish                  Hex/Necr       6%         N/A       45%         4
 Irradiate                Conj/Tmut      10%        3d15      54%         5
 Petrify                  Tmut/Erth      7%         N/A       63%         4
 Simulacrum               Ice/Necr       6%         N/A       100%        6
 Ozocubu's Refrigeration  Ice            3%         4d8       100%        7
 Swiftness                Air            Unusable   N/A       N/A         3

Dungeon Overview and Level Annotations

Branches:
Dungeon (7/15)             Temple (1/1) D:6

Altars:
Dithmenos
Elyvilon
Fedhas
Gozag
Hepliaklqana
Kikubaaqudgha
Makhleb
Nemelex Xobeh
Okawaru
Qazlal
Ru
Sif Muna
Trog

Annotations:
D:6 exclusion: wyvern, Edmund


Innate Abilities, Weirdness & Mutations

You cannot be hasted, slowed, berserked, paralysed or teleported.
You can dig through walls and to a lower floor.
You have a pair of large antennae on your head. (SInv)
Your four strong arms can wield two-handed weapons with a shield.


Message History

You add the spells Necrotise, Anguish and Animate Dead to your library.
The sky beast hits you. The sky beast shocks you.
The searing ray misses the sky beast.
The searing ray hits the orc wizard.
You kill the orc wizard!
Kikubaaqudgha accepts your kill.
The searing ray hits the orc wizard.
The orc wizard is lightly wounded.
The sky beast hits you but does no damage.
The searing ray misses the sky beast.
The searing ray hits the orc!
You kill the orc!
Kikubaaqudgha accepts your kill.
You finish channelling your searing ray.
The sky beast hits you. The sky beast shocks you.
Casting: Searing Ray (safe; 1% risk of failure)
Confirm with . or Enter, or press ? or * to list all spells.
Aiming: Searing Ray (safe; 1% risk of failure)
Press: ? - help, Shift-Dir - straight line, f - orc wizard
Aim: an orc wizard, wielding a +0 dagger and wearing a +0 robe (lightly wounded, slightly transparent, 76% to hit)
The searing ray hits the sky beast!
You kill the sky beast!
Kikubaaqudgha accepts your kill.
The searing ray hits the orc wizard.
The orc wizard is moderately wounded. (Press . to maintain the ray.)
Your life force feels restored.
Training target 3.0 for Dodging reached!
Your Fighting skill increases to level 4!
Your Armour skill increases to level 4!
Your Dodging skill increases to level 3!
Your Necromancy skill increases to level 2!
The searing ray hits the orc wizard!
The orc wizard is almost dead.
The orc wizard points at you and mumbles some strange words.
The puff of flame hits you!
You die...
Kikubaaqudgha rasps: "You have failed me!
Welcome... death!"

.. ..# ### ..#...
#@###...#.
######o##.....
#....#)....## o
#...........# ...
##.....##)..##o...
##...<##.........
#........)......
##...##...#!....
###.....5# .#.


You could see an orc wizard (invisible).

Vanquished Creatures
  Eustachio (D:6)
  Menkaure (D:6)
  An ice beast (D:6)
  2 sky beasts
  An ogre (D:6)
  2 phantoms
  2 scorpions
  A howler monkey (D:6)
  3 jellies
  2 orc priests
  2 hounds
  A gnoll bouda (D:6)
  Terence (D:3)
  An iguana (D:5)
  3 orc wizards
  4 gnolls
  7 adders
  A white imp (D:6)
  2 worms
  A dart slug (D:2)
  24 orcs
  7 ball pythons
  7 endoplasms
  3 giant cockroaches
  5 goblins
  11 hobgoblins
  4 jackals
  7 quokkas
  5 bats
  8 frilled lizards
  3 kobolds
  4 rats
127 creatures vanquished.

Vanquished Creatures (others)
  3 withered plants (D:2)
3 creatures vanquished.

Grand Total: 130 creatures vanquished

Notes
Turn   | Place    | Note
-------+----------+-------------------------------------------
     0 | D:1      | DildoBatman the Formicid Conjurer began the quest for the
                  | Orb.
     0 | D:1      | Reached XP level 1. HP: 13/13 MP: 3/3
   215 | D:1      | Reached XP level 2. HP: 20/20 MP: 1/5
   218 | D:1      | Learned a level 2 spell: Searing Ray
   694 | D:1      | Reached skill level 1 in Armour
   851 | D:2      | Reached skill level 1 in Fighting
   851 | D:2      | Reached XP level 3. HP: 26/26 MP: 2/6
  1262 | D:2      | Found a faded altar of an unknown god.
  1366 | D:2      | Reached XP level 4. HP: 32/32 MP: 8/8
  1832 | D:3      | Learned a level 3 spell: Vampiric Draining
  1944 | D:3      | Found a stormy altar of Qazlal.
  2108 | D:3      | Reached skill level 3 in Spellcasting
  2134 | D:3      | Noticed Terence
  2276 | D:4      | Reached XP level 5. HP: 38/38 MP: 9/9
  2711 | D:3      | Reached XP level 6. HP: 45/46 MP: 7/11
  3311 | D:4      | Learned a level 2 spell: Sublimation of Blood
  3416 | D:5      | Entered Level 5 of the Dungeon
  3428 | D:5      | Found a large runed translucent door.
  3428 | D:5      | Found a large runed translucent door.
  3514 | D:5      | Identified the +7 flail "Locw" {freeze, rPois rC++ Str-2}
  3517 | D:5      | Found a sacrificial altar of Ru.
  3527 | D:5      | Found an iron altar of Okawaru.
  3572 | D:5      | Found a burning altar of Makhleb.
  3575 | D:5      | Found a sparkling altar of Nemelex Xobeh.
  3705 | D:6      | Found a staircase to the Ecumenical Temple.
  3710 | D:6      | Reached skill level 4 in Spellcasting
  3716 | Temple   | Entered the Ecumenical Temple
  3856 | Temple   | Became a worshipper of Kikubaaqudgha
  3948 | D:3      | Killed Terence
  3949 | D:3      | Reached XP level 7. HP: 43/52 MP: 3/13
  4251 | D:5      | Reached skill level 5 in Conjurations
  4524 | D:5      | Got Sif Muna's Folio of Hoarfrost
  4678 | D:6      | Reached skill level 5 in Spellcasting
  4855 | D:6      | Noticed Menkaure
  4866 | D:6      | Killed Menkaure
  4867 | D:6      | Reached XP level 8. HP: 16/58 MP: 4/16
  4883 | D:6      | Noticed a wyvern
  5056 | D:6      | Reached skill level 6 in Spellcasting
  5145 | D:6      | Noticed Edmund
  5386 | D:6      | Noticed Eustachio
  5405 | D:6      | Killed Eustachio
  5406 | D:6      | Reached skill level 7 in Spellcasting
  5429 | D:6      | Reached skill level 1 in Necromancy
  5800 | D:6      | Reached XP level 9. HP: 31/65 MP: 19/19
  5897 | D:7      | Reached * piety under Kikubaaqudgha
  5897 | D:7      | Received a gift from Kikubaaqudgha
  5901 | D:7      | Killed from afar by an orc wizard

Illustrated notes

Levels and vault maps discovered:
D:1:      moated_graveyard_arrival, layout_rooms, roderic_serpentine_path,
          minmay_cupped
D:2:      layout_loops_corners, shapermc_ecumenical_altar_flowoftime,
          minmay_crystal_room
D:3:      layout_basic, nicolae_qazlal_eye_of_the_storm,
          small_statue_intersection, uniq_terence
D:4:      layout_basic
D:5:      layout_basic, mainiacjoe_overflow_swirl, jmf_multi_god_temple2,
          kennysheep_decorative_pillar, minmay_small_thing
D:6:      layout_basic, minmay_temple_entry_proselytizer, grunt_decor_fettered,
          uniq_menkaure, uniq_eustachio, uniq_edmund
D:7:      layout_cave_pools, grunt_temple_overflow_order_and_chaos_1,
          nicolae_wu_jian_immortal_techniques, lemuel_crystal_altar,
          gammafunk_temple_overflow_statue, nicolae_vehumet_radiance
Temple:   hellmonk_temple_beads

Skill      XL: |  1  2  3  4  5  6  7  8  9 |
---------------+----------------------------+-----
Dodging        | 2 3 |  3.0
Armour         | 1 2 3 4 |  4.0
Fighting       | 1 2 3 4 |  4.0
Conjurations   | 4 6 |  6.0
Spellcasting   | 3 4 5 7 |  7.0
Necromancy     | 1 2 |  2.2
Stealth        | |  2.4

Action                   |  1- 3 |  4- 6 |  7- 9 || total
-------------------------+-------+-------+-------++-------
Melee: Quarterstaff      |    22 |       |       ||    22
       Flail             |       |       |    14 ||    14
 Fire: Sling             |     5 |    80 |    58 ||   143
 Cast: Magic Dart        |    38 |     2 |     1 ||    41
       Searing Ray       |     3 |    20 |    24 ||    47
 Abil: Dig               |     1 |       |     1 ||     2
  Use: Scroll            |       |     4 |       ||     4
 Stab: Sleeping          |     1 |       |       ||     1
Armor: Robe              |     4 |     6 |     7 ||    17
Dodge: Dodged            |    11 |    17 |    23 ||    51
